 Dungeon Crawl Stone Soup version 0.15.0-14-g6bbbb5c (webtiles) character file.

590 MDvedh the Basher (level 7, -4/41 HPs)
             Began as a Gargoyle Chaos Knight on Sept 4, 2014.
             Was a Plaything of Xom.
             Slain by a harpy (7 damage)
             ... on Level 4 of the Dungeon.
             The game lasted 00:07:22 (2754 turns).

MDvedh the Basher (Gargoyle Chaos Knight)           Turns: 2754, Time: 00:07:22

HP  -4/41        AC 13     Str 15      XL: 7   Next: 39%
MP   7/7         EV 10     Int 13      God: Xom
Gold 276         SH  0     Dex 11      Spells:  0 memorised,  6 levels left

rFire  + . .     SeeInvis .     a - +1 mace (chaos)
rCold  . . .     Clarity  .     b - +2 leather armour
rNeg   + . .     rCorr    .     (no shield)
rPois  +         rRot     +     (no helmet)
rElec  +         Spirit   .     x - +1 cloak {MR+}
SustAb .         Warding  .     s - +0 pair of gloves
rMut   .         Stasis   .     (no boots)
Gourm  .                        (no amulet)
MR     +....                    (no ring)
                                o - ring of protection from fire

@: somewhat resistant to hostile enchantments, very unstealthy
A: negative energy resistance 1, electricity resistance, unbreathing,
petrification resistance, rot immunity, AC +4
a: Renounce Religion


You were on level 4 of the Dungeon.
You worshipped Xom.
You were a plaything of Xom.
You were not hungry.

You visited 1 branch of the dungeon, and saw 4 of its levels.

You collected 276 gold pieces.

Inventory:

Hand weapons
 a - a +1 mace of chaos (weapon)
 j - a +0 mace
Armour
 b - a +2 leather armour (worn)
 s - a +0 pair of gloves (worn)
 x - a +1 cloak of magic resistance (worn)
Magical devices
 v - a wand of slowing (4)
Comestibles
 c - 4 bread rations
 i - a slice of pizza
 r - 3 meat rations
 w - 2 beef jerkies
Scrolls
 d - a scroll of fog
 f - a scroll of enchant weapon
 g - a scroll of identify
 p - 3 scrolls of remove curse
 t - a scroll of amnesia
Jewellery
 e - an uncursed ring of protection from magic {unknown}
 n - an uncursed amulet of the gourmand {unknown}
 o - a ring of protection from fire (left hand)
Potions
 h - a potion of cure mutation {unknown}
 k - 2 potions of curing
 l - a potion of resistance {unknown}
 m - a potion of confusion {unknown}
 q - a potion of haste {unknown}
 u - a potion of brilliance {unknown}


   Skills:
 - Level 3.2 Fighting
 + Level 8.3 Maces & Flails
 - Level 2.1 Armour
 - Level 0.7 Dodging


You had 6 spell levels left.
You didn't know any spells.

Dungeon Overview and Level Annotations

Branches:
Dungeon (4/15)
 Temple: D:4-7

Altars:
Dithmenos
Trog
Xom


Innate Abilities, Weirdness & Mutations

You are resistant to torment.
You are immune to poison.
Your stone body is very resilient (AC +4).
You resist negative energy.
You are resistant to electric shocks.
You can survive without breathing.
You are immune to petrification.
You are immune to rotting.


Message History

You closely miss the harpy.
The harpy is lightly wounded.
The harpy barely misses you. The harpy claws you but does no damage.
Unknown command.
You barely miss the harpy.
The harpy is lightly wounded.
The harpy claws you!
* * * LOW HITPOINT WARNING * * *
The harpy claws you but does no damage.
Unknown command.
Drink which item? (? for menu, Esc to quit)
You feel better.
The harpy screeches!
The harpy claws you!
* * * LOW HITPOINT WARNING * * *
The harpy claws you.
* * * LOW HITPOINT WARNING * * *
The harpy claws you!
You die...
Xom cackles wildly!

##...## #.###.##..#.#
#...# #.# #.###.#.#
#.#.# #.# #.##.)#.#
#)#.# #.# #.##..#.#
#.#H# #.# #..(....#
#)#.# #.# ####....#
#.#.# #.# #....# *
#.#.# #.######....# *
#.#.# #...H@......# #
#.#.# ##.........## #
#.#.## #.#####.#.# ###
#..#.####.#####.#.# ..#
#.###...........#.#
..####.#.##.##........#
...# *#........########
...# #####.#..# ...#
#.#..#


You could see a harpy.

Vanquished Creatures
  Grinder (D:3)
  2 ogres (D:4)
  Crazy Yiuf (D:4)
  An orc wizard (D:4)
  A worker ant (D:3)
  5 adders
  2 worms
  An ooze (D:2)
  9 orcs
  A bat skeleton (D:4)
  4 giant cockroaches
  6 goblins
  12 hobgoblins
  2 ball pythons
  7 bats
  4 giant newts
  7 kobolds
  5 rats
  A butterfly (D:3)
72 creatures vanquished.

Vanquished Creatures (collateral kills)
  A rat (D:3)
1 creature vanquished.

Grand Total: 73 creatures vanquished

Notes
Turn   | Place    | Note
--------------------------------------------------------------
     0 | D:1      | MDvedh, the Gargoyle Chaos Knight, began the quest for the Orb.
     0 | D:1      | Reached XP level 1. HP: 14/14 MP: 1/1
   189 | D:1      | Reached XP level 2. HP: 19/19 MP: 2/2
   311 | D:1      | XOM: harmless Conj miscast
   395 | D:1      | XOM: divination: magic mapping
   665 | D:2      | Reached skill level 4 in Maces & Flails
   682 | D:2      | Reached XP level 3. HP: 20/23 MP: 3/3
   911 | D:2      | Reached XP level 4. HP: 28/28 MP: 4/4
  1020 | D:2      | Reached skill level 5 in Maces & Flails
  1106 | D:2      | Found a bloodstained altar of Trog.
  1154 | D:2      | XOM: harmless Summ miscast
  1252 | D:3      | Found a shimmering altar of Xom.
  1401 | D:3      | XOM: divination: detect creatures
  1590 | D:3      | Noticed Grinder
  1590 | D:3      | XOM: summons friendly quasit
  1594 | D:3      | Paralysed by Grinder for 6 turns
  1605 | D:3      | Paralysed by Grinder for 3 turns
  1613 | D:3      | XOM: harmless Erth miscast
  1624 | D:3      | Killed Grinder
  1624 | D:3      | Reached skill level 7 in Maces & Flails
  1624 | D:3      | Reached XP level 5. HP: 8/32 MP: 5/5
  1624 | D:3      | Reached XP level 6. HP: 9/37 MP: 6/6
  1820 | D:3      | XOM: enchant monster (bad)
  2186 | D:4      | Found a shadowy altar of Dithmenos.
  2274 | D:4      | Reached XP level 7. HP: 41/41 MP: 7/7
  2442 | D:4      | Noticed Crazy Yiuf
  2455 | D:4      | Killed Crazy Yiuf
  2527 | D:4      | XOM: 9-stop teleportation journey
  2583 | D:4      | XOM: harmless Fire miscast
  2663 | D:4      | Reached skill level 8 in Maces & Flails
  2711 | D:4      | Noticed a harpy
  2711 | D:4      | an ogre changed into a harpy
  2734 | D:4      | XOM: enchant monster (good)
  2754 | D:4      | Slain by a harpy

Action                   |  1- 3 |  4- 6 |  7- 9 || total
-------------------------+-------+-------+-------++-------
Melee: Mace              |    86 |   118 |    45 ||   249
Evoke: Wand              |       |     4 |     2 ||     6
  Use: Scroll            |       |     9 |       ||     9
       Potion            |       |       |     3 ||     3
 Stab: Paralysed         |     1 |       |       ||     1
       Distracted        |       |     1 |       ||     1
  Eat: Chunk             |       |     4 |     1 ||     5
       Bread ration      |       |       |     1 ||     1
